Map: Dusk Towers

Players

LilDicky

  • Race: Terran Terran
  • League: Diamond

dMR - Winner!

  • Race: Terran Terran
  • League: Platinum

VOD

http://www.twitch.tv/tumescentpie

Description

Time

  • Played on: Jan. 3, 2016, 3:50 a.m.
  • Length: 5:10
Show
View Real Time Build Order
Export as new Build Order

LilDicky Terran 

Build Orders: Liberator Opening 

Get SALT Encoding   

  12  0:01  SCV  
  13  0:13  SCV  
  14  0:18  Supply Depot  
  14  0:31  SCV  
  15  0:44  SCV  
  15  0:49  Refinery, Barracks  
  16  0:58  SCV  
  17  1:30  SCV  
  18  1:37  Supply Depot  
  18  1:39  Refinery  
  18  1:40  Marine  
  18  1:43  Orbital Command  
  19  2:07  Marine  
  20  2:09  Factory  
  20  2:10  SCV  
  20  2:15  Supply Depot  
  21  2:43  SCV  
  22  2:45  Supply Depot  
  22  3:04  SCV  
  23  3:06  Factory Tech Lab  
  23  3:08  Starport, Marine  
  23  3:12  Supply Depot  
  24  3:16  SCV  
  24  3:18  Supply Depot  
  25  3:26  Marine  
  26  3:29  Command Center, SCV, Liberator  
  26  3:30  Siege Tank  
  30  3:41  SCV  
  31  3:44  Marine  
  35  3:55  Engineering Bay  
  35  3:58  SCV  
  35  4:02  Marine  
  37  4:07  Siege Tank  
  39  4:26  Missile Turret  
  35  4:31  Viking  
  39  4:46  SCV  
  40  5:06  Missile Turret  
Show
View Real Time Build Order
Export as new Build Order

dMR Terran - Winner!

Build Orders: 1/1/1, Banshee Rush 

Get SALT Encoding   

  12  0:01  SCV  
  13  0:13  SCV  
  14  0:25  Supply Depot, SCV  
  15  0:32  Refinery  
  15  0:46  SCV  
  15  0:47  Barracks  
  16  0:59  SCV  
  17  1:11  SCV  
  18  1:23  SCV  
  19  1:34  Marine  
  19  1:35  Supply Depot  
  19  1:36  Orbital Command  
  20  1:41  Factory  
  20  1:45  Refinery  
  20  1:52  Marine  
  21  2:04  SCV  
  22  2:10  Marine  
  23  2:16  SCV  
  23  2:18  Supply Depot  
  24  2:28  Starport  
  24  2:29  SCV  
  25  2:33  Factory Tech Lab  
  25  2:36  Marine  
  26  2:42  SCV  
  27  2:54  Marine  
  28  2:58  Supply Depot  
  28  3:01  Siege Tank  
  28  3:05  Starport Tech Lab  
  31  3:09  SCV  
  32  3:13  Marine  
  32  3:15  Engineering Bay  
  33  3:24  SCV  
  33  3:26  Cloaking Field  
  33  3:27  Banshee  
  34  3:33  Marine  
  38  3:44  Missile Turret  
  38  3:49  Siege Tank  
  38  3:54  Supply Depot  
  41  3:57  SCV, Marine  
  43  4:07  Supply Depot  
  43  4:12  Banshee  
  46  4:36  SCV  
  50  4:51  Supply Depot  
Tags
 
Add a new tag
Caveats
  • Supply blocks, unpowered buildings, or Contaminate may cause inaccurate times.
  • Supply counts are checked every 10 seconds.